 Dungeon Crawl Stone Soup version 0.28.0-43-g3370ac3207 (webtiles) character file.

Game seed: 7958587095768125202

353 styxcanada the Covert (level 6, -1/31 HPs)
             Began as a Spriggan Brigand on Mar 8, 2022.
             Slain by a gnoll
             ... wielding a +0 halberd of pain
              (11 damage)
             ... on level 3 of the Dungeon.
             The game lasted 00:08:57 (3301 turns).

styxcanada the Covert (Spriggan Brigand)            Turns: 3301, Time: 00:08:58

Health: -1/31      AC:  5    Str:  7    XL:     6   Next: 35%
Magic:  7/8        EV: 22    Int: 12    God:
Gold:   82         SH:  0    Dex: 19    Spells: 6/6 levels left

rFire   . . .      SeeInvis +   a - +2 dagger
rCold   . . .      Faith    .   (no shield)
rNeg    . . .      Spirit   .   l - +2 robe
rPois   .          Reflect  .   (helmet restricted)
rElec   .          Harm     .   c - +0 cloak
rCorr   .          Rampage  .   (gloves unavailable)
Will    +....                   (boots unavailable)
Stlth   ++++......              (no amulet)
HPRegen 0.10/turn               o - +4 ring of evasion
MPRegen 0.11/turn               (no ring)

@: very quick
A: very small, no large weapons, unfitting armour, see invisible, speed 3
a: no special abilities


You were on level 3 of the Dungeon.
You visited 1 branch of the dungeon, and saw 3 of its levels.

You collected 82 gold pieces.

Inventory:

Hand Weapons
 a - a +2 dagger (weapon)
Missiles
 k - 70 stones (quivered)
Armour
 c - a +0 cloak (worn)
 l - a +2 robe (worn)
Jewellery
 o - a +4 ring of evasion (left hand)
 q - an amulet of faith
Scrolls
 g - 3 scrolls of identify {unknown}
 j - 2 scrolls of enchant armour {unknown}
Potions
 b - a potion of attraction {unknown}
 f - a potion of resistance {unknown}
 h - a potion of haste {unknown}
 i - 3 potions of curing
 m - a potion of might {unknown}
 n - a potion of ambrosia {unknown}
 p - a potion of berserk rage {unknown}


   Skills:
 * Level 2.3 Fighting
 + Level 3.2 Short Blades
 + Level 2.6 Throwing
 * Level 3.3 Dodging
 * Level 9.5 Stealth
 * Level 0.7 Spellcasting


You had 6 spell levels left.
You didn't know any spells.
Your spell library contained the following spells:

 Spells                   Type           Power      Damage    Failure   Level
 Blink                    Tloc           0%         N/A       43%         2
 Lesser Beckoning         Tloc           0%         N/A       67%         3
 Manifold Assault         Tloc           0%         N/A       100%        5


Dungeon Overview and Level Annotations

Branches:
Dungeon (3/15)

Altars:

Shops:
D:1 [

Annotations:
D:3 2 transporters, pkoi's ghost, amateur SpAE


Innate Abilities, Weirdness & Mutations

You are very small and have problems with some larger weapons.
You are too small for most types of armour.
You have supernaturally acute eyesight. (SInv)
You cover ground extremely quickly. (Speed+++)


Message History

The gnoll barely misses you. The gnoll hits you with a +0 club!
* * * LOW HITPOINT WARNING * * *
The gnoll looks more healthy.
Throw: 3 darts (poison)
Press: ? - help, Q - select action, (/) - cycle Shift-Dir - straight line, f/p - gnoll
Aim: a gnoll, wielding a +0 club (severely wounded, 66% to hit)
You throw a poisoned dart. The poisoned dart hits the gnoll.
The gnoll is poisoned.
The gnoll is severely wounded.
Throw: 2 darts (poison)
Press: ? - help, Q - select action, (/) - cycle Shift-Dir - straight line, f/p - gnoll
Aim: a gnoll, wielding a +0 club (severely wounded, poisoned, 66% to hit)
You throw a poisoned dart. The poisoned dart hits the gnoll.
The gnoll looks even sicker.
The gnoll is severely wounded.
You kill the gnoll!
Throw: dart (poison)
Press: ? - help, Q - select action, (/) - cycle Shift-Dir - straight line, f - gnoll
Aim: a gnoll, wielding a +0 halberd of pain (66% to hit)
You throw a poisoned dart.
The poisoned dart barely misses the gnoll.
The poisoned dart hits the hobgoblin.
The hobgoblin is poisoned.
Throw: 2 darts (curare)
Press: ? - help, Q - select action, (/) - cycle Shift-Dir - straight line, f/p - gnoll
Aim: a gnoll, wielding a +0 halberd of pain (66% to hit)
You throw a curare-tipped dart.
The curare-tipped dart closely misses the gnoll.
Throw: dart (curare)
Press: ? - help, Q - select action, (/) - cycle Shift-Dir - straight line, f/p - gnoll
Aim: a gnoll, wielding a +0 halberd of pain (66% to hit)
You throw a curare-tipped dart.
The curare-tipped dart closely misses the gnoll.
Found 12 gold pieces.
Throw: 71 stones
Press: ? - help, Q - select action Shift-Dir - straight line, f/p - gnoll
Aim: a gnoll, wielding a +0 halberd of pain (66% to hit)
You throw a stone. The stone hits the gnoll.
The gnoll is lightly wounded.
The gnoll hits you from afar with a +0 halberd of pain!
You die...

###'####........#
#<...#.#.#.#
.....)((........+
####..#.#.#.
.....###(((.....#
#.#.>.#.# .(...#
#...)....#
#..#.#.#. ######
#....g...#
###.#.#.#
#........# ##$
#.#.#.#.
#......g.####....
##.#.#.#
#..............#
#.#.#.#.
######..#@'##+.#
##.#.#.#
##...#≈≈# ##.####
#..##≈≈# #. #..#
≈≈# #..# ≈≈# #..
## #.. ##.


You could see a gnoll and a hobgoblin (poisoned).

Vanquished Creatures
  Sigmund (D:2)
  Natasha (thrice) (D:3)
  A hound skeleton (D:2)
  2 gnolls (D:3)
  2 adders (D:2)
  2 adder skeletons (D:2)
  A dart slug (D:3)
  4 ball pythons
  3 bats
  A bat skeleton (D:2)
  6 endoplasms
  4 giant cockroaches
  8 goblins
  A hobgoblin (D:3)
  4 jackals (D:3)
  6 kobolds
  3 quokkas (D:1)
  4 frilled lizards
  2 quokka skeletons (D:2)
  2 quokka zombies (D:2)
  6 rats
66 creatures vanquished.

Vanquished Creatures (others)
  3 withered plants (D:2)
3 creatures vanquished.

Grand Total: 69 creatures vanquished

Notes
Turn   | Place    | Note
-------+----------+-------------------------------------------
     0 | D:1      | styxcanada the Spriggan Brigand began the quest for the
                  | Orb.
     0 | D:1      | Reached XP level 1. HP: 10/10 MP: 2/2
    25 | D:1      | Reached skill level 6 in Stealth
   215 | D:1      | Found a faded altar of an unknown god.
   535 | D:1      | Reached XP level 2. HP: 15/15 MP: 3/3
   822 | D:1      | Found Kiesuin's Antique Armour Boutique.
  1295 | D:1      | Reached skill level 7 in Stealth
  1295 | D:1      | Reached XP level 3. HP: 17/18 MP: 4/4
  1472 | D:2      | Noticed Sigmund
  1483 | D:2      | Killed Sigmund
  1484 | D:2      | Reached skill level 8 in Stealth
  1484 | D:2      | Reached XP level 4. HP: 21/23 MP: 5/5
  1484 | D:2      | Reached XP level 5. HP: 23/26 MP: 6/6
  1767 | D:2      | Reached skill level 9 in Stealth
  2502 | D:3      | Noticed Natasha
  2516 | D:3      | Found a transporter.
  2516 | D:3      | Found a transporter.
  2516 | D:3      | Noticed pkoi's ghost (amateur SpAE)
  2536 | D:3      | Killed Natasha
  2753 | D:3      | Reached XP level 6. HP: 23/30 MP: 7/7
  2852 | D:3      | Noticed Natasha
  2969 | D:3      | Killed Natasha
  3022 | D:3      | Noticed Natasha
  3040 | D:3      | Killed Natasha
  3301 | D:3      | Slain by a gnoll

Illustrated notes

Levels and vault maps discovered:
D:1:      tarquinn_simple_flora_water_d, layout_rooms,
          hellmonk_ecumenical_altar_crossroads, serial_shops, shop,
          minmay_pentomino_s2
D:2:      layout_basic, serial_undead, serial_undead_f, serial_undead_b,
          serial_undead_e, serial_undead_f, serial_undead_d, serial_undead_a,
          serial_undead_c, serial_undead_c, serial_undead_c, serial_undead_a,
          minmay_unequal, uniq_sigmund
D:3:      layout_basic, gammafunk_ghost_mausoleum, gup_sewer_entry_bowl,
          uniq_natasha

Skill      XL: |  1  2  3  4  5 |
---------------+----------------+-----
Stealth        | 6 7 8 9 |  9.5
Fighting       | 2 |  2.3
Dodging        | 2 3 |  3.3
Short Blades   | 3 |  3.2
Throwing       | |  2.6
Spellcasting   | |  0.7

Action                   |  1- 3 |  4- 6 || total
-------------------------+-------+-------++-------
Melee: Dagger            |    62 |   172 ||   234
       Punch             |     1 |     2 ||     3
Throw: Dart              |    10 |    29 ||    39
       Stone             |       |     1 ||     1
 Stab: Sleeping          |     5 |     4 ||     9
       Distracted        |       |     1 ||     1
Armor: Robe              |     5 |    21 ||    26
Dodge: Dodged            |    29 |   162 ||   191
